 Dungeon Crawl Stone Soup version 0.22.1-2-g9c5b331 (webtiles) character file.

52407 dvd the Cleaver (level 14, -2/119 HPs)
             Began as a Demonspawn Monk on Dec 12, 2018.
             Was the Champion of Okawaru.
             Slain by a sixfirhy (9 damage)
             ... summoned by an orc sorcerer
             ... while paralysed by an orc sorcerer
             ... on level 2 of the Orcish Mines.
             The game lasted 00:57:23 (17208 turns).

dvd the Cleaver (Demonspawn Monk)                  Turns: 17208, Time: 00:57:24

Health: -2/119     AC: 26    Str: 15    XL:     14   Next: 27%
Magic:  0/17       EV:  2    Int: 12    God:    Okawaru [******]
Gold:   1231       SH:  0    Dex: 24    Spells: 14/16 levels left

rFire    + + .     SeeInvis +   b - +8 war axe (elec)
rCold    . . .     Gourm    .   (no shield)
rNeg     . . .     Faith    +   p - +2 scale mail {rF+}
rPois    +         Spirit   +   N - +2 helmet {SInv}
rElec    .         Reflect  .   J - +0 cloak {rPois}
rCorr    .         Harm     .   A - +0 pair of fencer's gloves {+Riposte Dex+3}
MR       +....                  P - +0 pair of boots of Bitterness {*Drain +Fly Dex+4}
Stlth    ++........             C - amulet of faith
HPRegen  1.29/turn              j - +6 ring of protection
MPRegen  0.30/turn              z - +3 ring of slaying

@: paralysed, drained
A: claws 1, slimy green scales 2, fire resistance 1, mutation resistance 1,
powered by death 2, robust 1, magic shield, magic regeneration, magic link
a: Heroism, Finesse, Renounce Religion, Evoke Flight


You were on level 2 of the Orcish Mines.
You worshipped Okawaru.
Okawaru was exalted by your worship.
You were not hungry.

You visited 3 branches of the dungeon, and saw 18 of its levels.
You also visited: Labyrinth.

You collected 1684 gold pieces.
You spent 453 gold pieces at shops.

Inventory:

Hand Weapons
 a - a +4 scimitar of freezing
 b - a +8 war axe of electrocution (weapon)
 g - the cursed +2 demon blade "Killer Klown's Foe" {vamp, MP-9 Int+9}
   (You took it off a minotaur in a labyrinth)

   It inflicts no extra harm, but heals its wielder when it wounds a living foe.
   It affects your intelligence (+9).
   It affects your magic capacity (-9).
   It has a curse placed upon it.
 h - the +7 lajatang of Siasetix {flame, rC+ MR+ Int-2 Dex+3}
   (Okawaru gifted it to you on level 1 of the Lair of Beasts)

   It has been specially enchanted to burn those struck by it, causing extra
   injury to most foes and up to half again as much damage against particularly
   susceptible opponents.
   Big, fiery blades are also staple armaments of hydra-hunters.
   It affects your intelligence (-2).
   It affects your dexterity (+3).
   It protects you from cold.
   It affects your resistance to hostile enchantments.
 v - the +8 quarterstaff "Uquc" {freeze, *Rage rElec Dex+2}
   (You found it on level 7 of the Dungeon)

   It has been specially enchanted to freeze those struck by it, causing extra
   injury to most foes and up to half again as much damage against particularly
   susceptible opponents.
   It can also slow down cold-blooded creatures.
   It affects your dexterity (+2).
   It insulates you from electricity.
   It may make you go berserk in combat.
 R - a +5 triple crossbow of freezing
Missiles
 s - 6 steel javelins
 I - 12 poisoned javelins (quivered)
 S - 5 javelins of penetration
Armour
 m - a +0 leather armour of poison resistance
 p - a +2 scale mail of fire resistance (worn)
 q - a +0 pair of gloves of strength
 r - a +2 pair of gloves of archery
 A - the +0 pair of fencer's gloves (worn) {+Riposte Dex+3}
   (Okawaru gifted it to you on level 6 of the Lair of Beasts)

   It affects your dexterity (+3).
 D - a scarf of cloud immunity
 J - a +0 cloak of poison resistance (worn)
 M - a +2 cloak of invisibility
 N - a +2 helmet of see invisible (worn)
 P - the +0 pair of boots of Bitterness (worn) {*Drain +Fly Dex+4}
   (You found it in a labyrinth)

   It affects your dexterity (+4).
   It lets you fly.
   It causes draining when unequipped.
 Q - a +2 leather armour of magic resistance
Jewellery
 j - a +6 ring of protection (left hand)
 z - a +3 ring of slaying (right hand)
 C - an amulet of faith (around neck)
 K - an uncursed ring of ice
Wands
 f - a wand of polymorph (11)
 w - a wand of random effects (134)
 E - a wand of iceblast (38)
 F - a wand of disintegration (15)
 H - a wand of digging (15)
 L - a wand of clouds (19)
 O - a wand of paralysis (8)
 U - a wand of scattershot (3)
Scrolls
 i - 4 scrolls of remove curse
 k - 5 scrolls of blinking
 l - a scroll of amnesia
 y - 18 scrolls of identify
 G - 5 scrolls of fog
 V - a scroll of enchant armour
Potions
 d - a potion of curing {unknown}
 e - a potion of mutation
 n - a potion of magic
 o - 5 potions of heal wounds
 t - 2 potions of berserk rage
 u - 5 potions of flight
 x - 3 potions of brilliance
 B - 7 potions of haste
Comestibles
 c - 24 rations
 T - 15 chunks of flesh


   Skills:
 + Level 9.7(9.2) Fighting
 + Level 7.2(6.7) Long Blades
 + Level 11.8(11.3) Axes
   Level 1.8(10.2) Polearms
 * Level 11.5(11.0) Staves
 + Level 2.6(2.1) Throwing
 + Level 7.7(7.2) Armour
 + Level 6.4(5.9) Dodging
 + Level 4.6(4.1) Stealth
 * Level 1.6(1.2) Spellcasting
 * Level 3.4(2.9) Translocations
 + Level 4.9(4.4) Invocations
 + Level 0.7(0.3) Evocations


You had 14 spell levels left.
You knew the following spells:

 Your Spells              Type           Power        Failure   Level  Hunger
a - Blink                 Tloc           N/A          41%         2    ###....

Your spell library contained the following spells:

 Spells                   Type           Power        Failure   Level  Hunger
 Shroud of Golubria       Chrm/Tloc      #.........   63%         2    ###....
 Animate Skeleton         Necr           N/A          69%         1    ##.....
 Freeze                   Ice            #...         69%         1    ##.....
 Infusion                 Chrm           #...         69%         1    ##.....
 Magic Dart               Conj           #...         69%         1    ##.....
 Pain                     Necr           #...         69%         1    ##.....
 Shock                    Conj/Air       #...         69%         1    ##.....
 Call Imp                 Summ           #.......     83%         2    ###....
 Slow                     Hex            #.......     83%         2    ###....
 Song of Slaying          Chrm           #.......     83%         2    ###....
 Swiftness                Chrm/Air       #.......     83%         2    ###....
 Throw Frost              Conj/Ice       #.....       83%         2    ###....
 Conjure Flame            Conj/Fire      #.......     96%         3    ####...
 Mephitic Cloud           Conj/Pois/Air  #.......     96%         3    ####...
 Ozocubu's Armour         Chrm/Ice       #.......     96%         3    ####...
 Regeneration             Chrm/Necr      #.........   96%         3    ####...
 Spectral Weapon          Hex/Chrm       #.......     96%         3    ####...
 Static Discharge         Conj/Air       #.......     96%         3    ####...
 Vampiric Draining        Necr           #.........   96%         3    ####...
 Airstrike                Air            #.........   100%        4    #####..
 Animate Dead             Necr           N/A          100%        4    #####..
 Summon Ice Beast         Ice/Summ       #.......     100%        4    #####..
 Throw Icicle             Conj/Ice       #.......     100%        4    #####..
 Lightning Bolt           Conj/Air       #.........   100%        5    ######.


Dungeon Overview and Level Annotations

Branches:
Dungeon (10/15)            Temple (0/1) D:7            Lair (6/6) D:9
 Shoals (0/4) Lair:2        Snake (0/4) Lair:3        Slime (0/5) Lair:6
    Orc (2/2) D:9             Elf (0/3) Orc:2

Altars:
Cheibriados
Dithmenos
Gozag
Makhleb
Nemelex Xobeh
Okawaru
Sif Muna
Trog
Vehumet
Xom
Zin
Jiyva

Shops:
D:7 *   D:8 :(?[   D:9 (   Orc:1 *


Innate Abilities, Weirdness & Mutations

You have sharp fingernails.
You are mostly covered in slimy green scales. (AC +3)
Your flesh is heat resistant. (rF+)
You regenerate health from kills.
When hurt, damage is shared between your health and your magic reserves.
You regenerate magic rapidly.
When low on magic, you restore magic in place of health.
You are somewhat resistant to further mutation.
You are robust. (+10% HP)


Message History

* * * LOW HITPOINT WARNING * * *
The orc priest miscasts a cantrip.
The orc warrior hits you but does no damage.
The orc hits you but does no damage.
The orc sorcerer points at you and mumbles some strange words.
The bolt of fire hits the orc priest.
The orc priest dies!
The bolt of fire hits you! You resist.
* * * LOW HITPOINT WARNING * * *
You hear a shout!
You hear a shout! x3
An orc high priest comes into view. It is wielding a flail.
The orc warrior hits you but does no damage.
The orc wizard hits you but does no damage.
The orc priest hits you with a club.
* * * LOW HITPOINT WARNING * * *
The sixfirhy hits you.
* * * LOW HITPOINT WARNING * * *
The sixfirhy shocks you!
You die...

................................#
..........................(...#..
.........................#.......
.................#...............
.................................
.................................
.................................
...............o3)...#...........
..............3o@o..#............
...............o)o).....)........
..............ooo...............#
..........................)((####
###.....############.(.# .(......
##.## #........ ### #o..o....


You could see a soul eater, an orc high priest, a sixfirhy, 2 orc sorcerers, 2
orc warriors, 2 orc priests, an orc wizard and an orc.

Vanquished Creatures
  A stone giant (Orc:2)
  A minotaur (Lab)
  Josephine (D:10)
  6 hydras
  A two-headed ogre (D:9)
  Pikel (D:5)
  An oklob plant (Lair:1)
  An orc sorcerer (Orc:2)
  3 orc knights
  A cyclops (Orc:2)
  2 black mambas
  2 merfolk sirens (Lair:2)
  Joseph (D:7)
  28 spiny frogs
  A torpor snail (Lair:3)
  4 komodo dragons
  3 trolls
  2 merfolk (Lair:2)
  4 tyrant leeches (Lair:6)
  A hornet (D:10)
  17 dream sheep
  24 blink frogs
  A slime creature (Lair:1)
  9 hippogriffs
  2 wyverns
  A spriggan (D:7)
  4 wraiths (D:10)
  A basilisk (Lair:5)
  39 yaks
  6 vampire mosquitoes (Lair:6)
  A hungry ghost (D:8)
  Menkaure (D:7)
  2 wargs
  A soldier ant (D:10)
  8 water moccasins
  7 porcupines
  3 black bears
  A sky beast (shapeshifter) (D:9)
  16 orc warriors
  5 ice beasts
  2 phantoms
  A sky beast (D:10)
  7 ogres
  An eye of draining (D:10)
  5 wolves (Lair:5)
  2 necrophages
  3 centaurs
  9 crocodiles
  2 big kobolds
  23 bullfrogs
  A wyvern zombie (D:8)
  2 gnoll sergeants
  5 scorpions
  5 killer bees (D:9)
  An electric eel (Lair:6)
  8 wights
  4 howler monkeys
  5 crimson imps
  Crazy Yiuf (D:3)
  2 gnoll shamans
  6 hounds
  9 jellies
  3 bullfrog skeletons
  11 orc priests
  A centaur skeleton (D:6)
  3 iguanas
  26 orc wizards
  4 hell rats (Lair:6)
  7 worker ants
  3 killer bee zombies (D:9)
  A hound zombie (D:9)
  A worker ant zombie (D:6)
  20 gnolls
  13 adders
  3 shadow imps
  14 oozes
  A worm (D:2)
  5 dart slugs
  3 leopard geckos
  79 orcs
  9 bats
  6 giant cockroaches
  6 goblins
  6 hobgoblins
  17 jackals
  5 quokkas
  3 ball pythons
  7 frilled lizards
  12 kobolds
  A quokka zombie (D:4)
  12 rats
  9 fungi
  A plant (Lair:4)
610 creatures vanquished.

Vanquished Creatures (others)
  A bullfrog (D:6)
  An orc priest (Orc:2)
  An iguana (D:6)
  2 orcs (Orc:2)
  11 fungi
  22 plants (Lair:6)
38 creatures vanquished.

Grand Total: 648 creatures vanquished

Notes
Turn   | Place    | Note
-------+----------+-------------------------------------------
     0 | D:1      | dvd the Demonspawn Monk began the quest for the Orb.
     0 | D:1      | Reached XP level 1. HP: 18/18 MP: 1/1
   202 | D:1      | Gained mutation: When hurt, damage is shared between your
                  | health and your magic reserves. [demonic ancestry]
   202 | D:1      | Reached XP level 2. HP: 21/24 MP: 2/2
   550 | D:1      | Gained mutation: You regenerate magic rapidly. [demonic
                  | ancestry]
   550 | D:1      | Reached XP level 3. HP: 21/29 MP: 1/3
  1577 | D:2      | Found a faded altar of an unknown god.
  1586 | D:2      | Became a worshipper of Warmaster Okawaru
  1586 | D:2      | Reached * piety under Okawaru
  1586 | D:2      | Reached ** piety under Okawaru
  1961 | D:2      | Gained mutation: You have sharp fingernails. [demonic
                  | ancestry]
  1961 | D:2      | Reached XP level 4. HP: 31/35 MP: 2/4
  2297 | D:3      | Found a snail-covered altar of Cheibriados.
  2345 | D:3      | Gained mutation: You regenerate a little health from kills.
                  | [demonic ancestry]
  2345 | D:3      | Reached XP level 5. HP: 31/41 MP: 2/5
  2602 | D:3      | Reached *** piety under Okawaru
  2829 | D:3      | Reached skill level 1 in Armour
  3139 | D:3      | Found a deep blue altar of Sif Muna.
  3245 | D:3      | Found a runed door.
  3249 | D:3      | Noticed Crazy Yiuf
  3255 | D:3      | Killed Crazy Yiuf
  3255 | D:3      | Reached XP level 6. HP: 39/47 MP: 4/6
  3317 | D:3      | Reached skill level 5 in Long Blades
  3439 | D:3      | Reached skill level 1 in Axes
  3943 | D:4      | Gained mutation: You are partially covered in slimy green
                  | scales. (AC +2) [demonic ancestry]
  3943 | D:4      | Reached XP level 7. HP: 53/53 MP: 5/7
  4283 | D:4      | Found an iron altar of Okawaru.
  4515 | D:5      | Entered Level 5 of the Dungeon
  4984 | D:6      | Received a gift from Okawaru
  5047 | D:6      | Found a shadowy altar of Dithmenos.
  5126 | D:6      | Noticed a wyvern
  5143 | D:6      | Killed a wyvern
  5143 | D:6      | Reached XP level 8. HP: 35/61 MP: 2/8
  5155 | D:6      | Noticed Pikel
  5206 | D:5      | Killed Pikel
  5206 | D:5      | Reached skill level 1 in Invocations
  5515 | D:6      | Reached skill level 5 in Fighting
  6025 | D:7      | Noticed Joseph
  6043 | D:7      | Killed Joseph
  6043 | D:7      | Gained mutation: When low on magic, you restore magic in
                  | place of health. [demonic ancestry]
  6043 | D:7      | Reached XP level 9. HP: 56/68 MP: 8/10
  6051 | D:7      | Reached **** piety under Okawaru
  6071 | D:7      | Reached skill level 5 in Axes
  6166 | D:7      | Found a shimmering altar of Xom.
  6169 | D:7      | Noticed an angel
  6175 | D:7      | Found a glowing silver altar of Zin.
  6177 | D:7      | Found a staircase to the Ecumenical Temple.
  6374 | D:7      | Found an opulent altar of Gozag.
  6374 | D:7      | Found Gozag's Platinum Reserve.
  6451 | D:7      | Got a polished quarterstaff
  6452 | D:7      | Identified the +8 quarterstaff "Uquc" {freeze, *Rage rElec
                  | Dex+2} (You found it on level 7 of the Dungeon)
  6455 | D:7      | Noticed Menkaure
  6456 | D:7      | Found a radiant altar of Vehumet.
  6463 | D:7      | Killed Menkaure
  6621 | D:8      | Reached skill level 1 in Staves
  6644 | D:8      | Found Mookhla's Antique Armour Shop.
  6648 | D:8      | Bought a glowing helmet for 232 gold pieces
  6663 | D:8      | Bought a pair of boots for 139 gold pieces
  6700 | D:8      | Received a gift from Okawaru
  6748 | D:8      | Reached skill level 5 in Dodging
  6748 | D:8      | Gained mutation: You are mostly covered in slimy green
                  | scales. (AC +3) [demonic ancestry]
  6748 | D:8      | Reached XP level 10. HP: 76/76 MP: 12/12
  6841 | D:8      | Found Duaseg's Weapon Shoppe.
  6868 | D:8      | Found an iron altar of Okawaru.
  6869 | D:8      | Found a bloodstained altar of Trog.
  6996 | D:8      | Found Ettocio's Book Shop.
  6999 | D:8      | Reached ***** piety under Okawaru
  7277 | D:8      | Found Loanuz's Magic Scroll Emporium.
  7283 | D:8      | Bought a scroll of enchant armour for 82 gold pieces
  7684 | D:9      | Noticed a two-headed ogre
  7698 | D:9      | Killed a two-headed ogre
  7698 | D:9      | Received a gift from Okawaru
  7824 | D:9      | Found a staircase to the Lair.
  7869 | D:9      | Found Gemastred's Weapon Shop.
  8104 | D:9      | Found a staircase to the Orcish Mines.
  8202 | D:10     | Entered Level 10 of the Dungeon
  8351 | D:10     | Reached skill level 5 in Armour
  8390 | D:10     | Reached XP level 11. HP: 84/84 MP: 10/13
  8391 | D:10     | Noticed Josephine
  8399 | D:10     | Killed Josephine
  8404 | D:10     | Reached skill level 10 in Axes
  9209 | Lair:1   | Entered Level 1 of the Lair of Beasts
  9232 | Lair:1   | Found a sparkling altar of Nemelex Xobeh.
  9232 | Lair:1   | Noticed an oklob plant
  9435 | Lair:1   | Found a labyrinth entrance.
  9446 | Lab      | Entered a labyrinth
  9891 | Lab      | Noticed a minotaur
  9910 | Lab      | Killed a minotaur
  9912 | Lab      | Got an ivory demon blade {vamp}
  9925 | Lab      | Identified the cursed +2 demon blade "Killer Klown's Foe"
                  | {vamp, MP-9 Int+9} (You took it off a minotaur in a
                  | labyrinth)
  9930 | Lab      | Got a pair of slimy boots
  9941 | Lab      | Identified the cursed +0 pair of boots of Bitterness
                  | {*Drain +Fly Dex+4} (You found it in a labyrinth)
 10210 | Lair:1   | Reached skill level 1 in Throwing
 10263 | Lair:1   | Noticed a six-headed hydra
 10364 | D:9      | Reached skill level 1 in Polearms
 10582 | Lair:1   | Killed a six-headed hydra
 10588 | Lair:1   | Reached ****** piety under Okawaru
 10613 | Lair:1   | Gained mutation: You regenerate health from kills. [demonic
                  | ancestry]
 10613 | Lair:1   | Reached XP level 12. HP: 45/92 MP: 11/15
 10630 | Lair:1   | Gained mutation: You are robust. (+10% HP) [potion of
                  | mutation]
 10630 | Lair:1   | Gained mutation: You are somewhat resistant to further
                  | mutation. [potion of mutation]
 11438 | Lair:1   | Received a gift from Okawaru
 11442 | Lair:1   | Got a faintly glowing lajatang {god gift}
 11443 | Lair:1   | Identified the +7 lajatang of Siasetix {flame, rC+ MR+
                  | Int-2 Dex+3} (Okawaru gifted it to you on level 1 of the
                  | Lair of Beasts)
 11698 | Lair:2   | Found a staircase to the Shoals.
 11762 | Lair:2   | Noticed a seven-headed hydra
 11771 | Lair:2   | Killed a seven-headed hydra
 11777 | Lair:2   | Received a gift from Okawaru
 12223 | Lair:2   | Reached skill level 5 in Staves
 12424 | Lair:3   | Received a gift from Okawaru
 12596 | Lair:3   | Found a staircase to the Snake Pit.
 13002 | Lair:3   | Noticed a four-headed hydra
 13012 | Lair:3   | Killed a one-headed hydra
 13213 | Lair:4   | Noticed a five-headed hydra
 13219 | Lair:4   | Killed a two-headed hydra
 13320 | Lair:4   | Noticed a seven-headed hydra
 13331 | Lair:4   | Killed a two-headed hydra
 13331 | Lair:4   | Reached XP level 13. HP: 74/110 MP: 12/16
 13396 | Lair:4   | Received a gift from Okawaru
 13759 | Lair:4   | Received a gift from Okawaru
 14108 | Lair:5   | Received a gift from Okawaru
 14619 | Lair:5   | Learned a level 2 spell: Blink
 14929 | Lair:6   | Entered Level 6 of the Lair of Beasts
 14975 | Lair:6   | Reached skill level 10 in Staves
 15008 | Lair:6   | Reached skill level 1 in Translocations
 15372 | Lair:6   | Received a gift from Okawaru
 15373 | Lair:6   | Found the +0 pair of fencer's gloves {+Riposte Dex+3}
 15535 | Lair:6   | Gained mutation: Your flesh is heat resistant. (rF+)
                  | [demonic ancestry]
 15535 | Lair:6   | Reached XP level 14. HP: 94/118 MP: 12/17
 15860 | Lair:6   | Found a staircase to the Slime Pits.
 15861 | Lair:6   | Found a viscous altar of Jiyva.
 16294 | Orc:1    | Entered Level 1 of the Orcish Mines
 16322 | Orc:1    | Found Mozaruf's Assorted Antiques.
 16721 | Orc:2    | Entered Level 2 of the Orcish Mines
 16930 | Orc:2    | Found a burning altar of Makhleb.
 16949 | Orc:2    | Found a staircase to the Elven Halls.
 16957 | Orc:2    | Reached skill level 1 in Spellcasting
 16961 | Orc:2    | Noticed a stone giant
 16974 | Orc:2    | Killed a stone giant
 17201 | Orc:2    | Paralysed by an orc sorcerer for 7 turns
 17208 | Orc:2    | Slain by a sixfirhy

Skill      XL: |  1  2  3  4  5  6  7  8  9 10 11 12 13 14 |
---------------+-------------------------------------------+-----
Long Blades    | 3 4 5 6 7 |  7.2
Stealth        | 2 3 4 |  4.6
Dodging        | 3 4 5 6 |  6.4
Armour         | 1 2 3 4 5 6 7 |  7.7
Axes           | 1 3 4 7 9 11 | 11.8
Fighting       | 4 5 7 8 9 |  9.7
Invocations    | 2 3 4 |  4.9
Staves         | 1 7 11 | 11.5
Throwing       | 1 2 |  2.6
Polearms       | 1 |  1.8
Translocations | 2 3 |  3.4
Spellcasting   | 1 |  1.6
Evocations     | |  0.7

Action                   |  1- 3 |  4- 6 |  7- 9 | 10-12 | 13-15 || total
-------------------------+-------+-------+-------+-------+-------++-------
Melee: Falchion          |   122 |    84 |       |       |       ||   206
       Hand axe          |       |    79 |   135 |       |       ||   214
       Long sword        |       |    65 |    62 |       |       ||   127
       Punch             |       |       |     3 |     5 |     2 ||    10
       War axe           |       |       |    73 |   383 |    66 ||   522
       Scimitar          |       |       |    13 |       |       ||    13
       Quarterstaff      |       |       |     9 |    15 |       ||    24
       Trident           |       |       |       |    10 |       ||    10
       Lajatang          |       |       |       |   150 |   356 ||   506
Throw: Javelin           |       |       |       |    19 |    46 ||    65
Invok: Heroism           |     1 |     8 |    18 |    21 |    14 ||    62
       Finesse           |       |       |       |     2 |       ||     2
Evoke: Wand              |       |       |     3 |     1 |       ||     4
  Use: Scroll            |       |       |     2 |    21 |     4 ||    27
       Potion            |       |       |       |    10 |       ||    10
 Stab: Sleeping          |     3 |     2 |     1 |     2 |     2 ||    10
       Distracted        |     1 |       |     1 |       |     2 ||     4
       Paralysed         |       |       |       |     4 |       ||     4
  Eat: Chunk             |     3 |     7 |    10 |    24 |    13 ||    57
       Ration            |       |       |       |     1 |       ||     1
Armor: Robe              |    23 |    20 |       |       |       ||    43
       Scale mail        |       |    60 |   126 |   373 |   275 ||   834
       Leather armour    |       |       |    26 |       |       ||    26
       Skin              |       |       |       |     1 |       ||     1
Dodge: Dodged            |    78 |   149 |   210 |   442 |   403 ||  1282
       Rpst.: Falchion   |    26 |    23 |       |       |       ||    49
       Long sword        |       |    13 |     8 |       |       ||    21
       Scimitar          |       |       |     5 |       |       ||     5
       Lajatang          |       |       |       |       |    20 ||    20
       War axe           |       |       |       |       |     8 ||     8
